 Dungeon Crawl Stone Soup version 0.30-a0-859-gf88a04b62d (webtiles) character file.

Game seed: 15022912599688051243

2335 Darius099 the Destroyer (level 9, -2/57 HPs)
             Began as a Human Conjurer on Mar 6, 2023.
             Was an Initiate of Sif Muna.
             Slain by Duvessa
             ... wielding a +0 short sword
              (9 damage)
             ... on level 7 of the Dungeon.
             The game lasted 00:27:35 (7395 turns).

Darius099 the Destroyer (Human Conjurer)            Turns: 7395, Time: 00:27:35

Health: -2/57      AC:  6    Str:  7    XL:     9   Next: 70%
Magic:  9/21       EV: 17    Int: 24    God:    Sif Muna [......]
Gold:   267        SH:  0    Dex: 11    Spells: 19/24 levels left

rFire   . . .      SeeInvis .    B - +1 spear (freeze)
rCold   . . .      Faith    .    (no shield)
rNeg    . . .      Spirit   .    a - +1 robe {Archmagi}
rPois   +          Reflect  .    s - +0 helmet
rElec   .          Rampage  .    (no cloak)
rCorr   .          Archmagi +    w - +1 pair of gloves
Will    .....                    (no boots)
Stlth   ++                       (no amulet)
HPRegen 0.29/turn                c - ring of poison resistance
MPRegen 0.17/turn                p - +5 ring of evasion

@: no status effects
A: no striking features
a: Renounce Religion


You were on level 7 of the Dungeon.
You worshipped Sif Muna.
Sif Muna was noncommittal.
You visited 1 branch of the dungeon, and saw 7 of its levels.

You collected 267 gold pieces.

Inventory:

Hand Weapons
 B - a +1 spear of freezing (weapon)
Missiles
 A - 6 throwing nets
Armour
 a - a +1 robe of the Archmagi (worn)
 s - a +0 helmet (worn)
 w - a +1 pair of gloves (worn)
 x - a +2 ring mail of cold resistance
 y - a +2 robe of cold resistance
Jewellery
 c - a ring of poison resistance (left hand)
 j - a ring of positive energy
 p - a +5 ring of evasion (right hand)
Wands
 b - a wand of charming (9)
 D - a wand of flame (6)
 E - a wand of roots (3)
 F - a wand of digging (8)
Scrolls
 f - a scroll of noise {unknown}
 g - 4 scrolls of teleportation {unknown}
 m - 12 scrolls of identify {unknown}
 o - 3 scrolls of amnesia {unknown}
 q - 6 scrolls of immolation {unknown}
 r - 5 scrolls of fear {unknown}
 t - a scroll of vulnerability {unknown}
 u - a scroll of magic mapping {unknown}
 G - a scroll of enchant weapon {unknown}
 H - a scroll of fog {unknown}
 I - a scroll of blinking {unknown}
Potions
 d - 3 potions of flight {unknown}
 e - a potion of invisibility {unknown}
 h - 12 potions of curing {unknown}
 i - 5 potions of degeneration {unknown}
 k - 4 potions of mutation {unknown}
 l - 2 potions of heal wounds
 n - a potion of ambrosia {unknown}
 v - a potion of might {unknown}
 z - a potion of brilliance {unknown}
 C - 2 potions of lignification {unknown}


   Skills:
 - Level 2.3 Dodging
 - Level 2.4 Stealth
 + Level 8.1 Spellcasting
 + Level 9.6 Conjurations


You had 19 spell levels left.
You knew the following spells:

 Your Spells              Type           Power      Damage    Failure   Level
a - Magic Dart            Conj           100%       1d8       1%          1
b - Searing Ray           Conj           100%       2d8       1%          2
c - Blink                 Tloc           28%        N/A       10%         2

Your spell library contained the following spells:

 Spells                   Type           Power      Damage    Failure   Level
 Momentum Strike          Conj/Tloc      98%        3d10      1%          2
 Dazzling Flash           Conj/Hex       98%        N/A       2%          3
 Beastly Appendage        Tmut           28%        N/A       6%          1
 Fulminant Prism          Conj/Hex       24%        3d12      9%          4
 Iskenderun's Mystic Bla  Conj/Tloc      49%        2d11      9%          4
 Lesser Beckoning         Tloc           28%        N/A       10%         2
 Wereblood                Tmut           14%        N/A       10%         2
 Spider Form              Tmut/Pois      14%        N/A       19%         3
 Cause Fear               Hex            7%         N/A       54%         4
 Alistair's Intoxication  Tmut/Pois      9%         N/A       87%         5
 Borgnjor's Vile Clutch   Necr/Erth      7%         N/A       87%         5
 Eringya's Noxious Bog    Tmut/Pois      7%         N/A       100%        6
 Dragon Form              Tmut           7%         N/A       100%        7
 Dragon's Call            Summ           7%         N/A       100%        9


Dungeon Overview and Level Annotations

Branches:
Dungeon (7/15)             Temple (0/1) D:7

Altars:
Dithmenos
Elyvilon
Sif Muna
Zin

Annotations:
D:7 Duvessa


Message History

Duvessa hits you with a +0 short sword. Duvessa hits you with a +0 short sword!
A gnoll comes into view. It is wielding a +0 club.
The searing ray misses Duvessa.
Duvessa barely misses you.
The searing ray hits Duvessa!
Duvessa is heavily wounded.
Duvessa hits you with a +0 short sword! x2
* * * LOW HITPOINT WARNING * * *
The searing ray hits Duvessa.
Duvessa is heavily wounded.
You finish channelling your searing ray.
Duvessa closely misses you. The gnoll hits you with a +0 club.
* * * LOW HITPOINT WARNING * * *
You feel much better. Duvessa closely misses you.
A gnoll comes into view. It is wielding a +2 antimagic flail.
Duvessa completely misses you. The gnoll completely misses you.
Casting: Searing Ray (safe; 1% risk of failure)
Confirm with . or Enter, or press ? or * to list all spells.
Aiming: Searing Ray (safe; 1% risk of failure)
Press: ? - help, Shift-Dir - straight line, f/p - Duvessa
Aim: Duvessa, wielding a +0 short sword and wearing a +0 ring mail (heavily wounded, berserk, 87% to hit)
You feel a surge of power!
The searing ray hits Duvessa.
Duvessa is heavily wounded. (Press . to maintain the ray.)
The gnoll shouts!
Duvessa closely misses you. The gnoll misses you.
The searing ray misses Duvessa.
Duvessa completely misses you. The gnoll misses you.
Duvessa hits you with a +0 short sword! The gnoll completely misses you.
The searing ray hits Duvessa.
Duvessa is severely wounded.
Duvessa misses you.
The gnoll sergeant hits you from afar with a +1 trident of venom!
* * * LOW HITPOINT WARNING * * *
The gnoll misses you. x2
The searing ray misses Duvessa.
You finish channelling your searing ray.
Duvessa hits you with a +0 short sword.
* * * LOW HITPOINT WARNING * * *
The gnoll sergeant closely misses you. Duvessa hits you with a +0 short sword!
You die...

# #.# ####.......#####.....##
######.####........#.###.......#
...............................#
####...............#....####....#
.....#.................. .....#
.....)................. ###.#..
...####..........^...# #.#.. ...#
#..........ge##.# #.##.
...###..........@.# .# #
#####...........g#g....#
................#g......
..#####................. ###
#..........).g g.. #
#.............. .. #
............... . .........
...... ....


You could see Duvessa (berserk), a gnoll sergeant and 5 gnolls.

Vanquished Creatures
  Joseph (D:7)
  Eustachio (D:5)
  Menkaure (D:5)
  2 sky beasts (D:7)
  An ice beast (D:5)
  An ogre (D:4)
  A centaur (D:5)
  A phantom (D:6)
  A kobold brigand (D:6)
  3 bullfrogs (D:6)
  2 scorpions
  Dowan (D:7)
  3 killer bees (D:7)
  2 hounds
  2 orc priests (D:5)
  3 jellies
  A sleepcap (D:6)
  4 iguanas
  4 orc wizards
  8 gnolls
  6 adders
  2 shadow imps (D:7)
  An ufetubus (D:4)
  2 dart slugs (D:1)
  14 orcs
  5 ball pythons
  5 bats
  8 endoplasms
  9 giant cockroaches
  6 goblins
  6 hobgoblins
  10 jackals
  6 quokkas
  A frilled lizard (D:1)
  5 kobolds
  8 rats
137 creatures vanquished.

Notes
Turn   | Place    | Note
-------+----------+-------------------------------------------
     0 | D:1      | Darius099 the Human Conjurer began the quest for the Orb.
     0 | D:1      | Reached XP level 1. HP: 13/13 MP: 3/3
   139 | D:1      | Reached XP level 2. HP: 12/19 MP: 0/5
   708 | D:1      | Reached XP level 3. HP: 24/24 MP: 3/6
  1289 | D:1      | Found a faded altar of an unknown god.
  1809 | D:2      | Reached XP level 4. HP: 24/30 MP: 0/8
  1991 | D:2      | Learned a level 2 spell: Searing Ray
  2037 | D:2      | Identified the +0 leather armour of Winuf {Str+3}
  3530 | D:4      | Reached XP level 5. HP: 35/35 MP: 5/9
  3546 | D:4      | Reached skill level 5 in Conjurations
  3679 | D:4      | Found a white marble altar of Elyvilon.
  3864 | D:4      | Reached XP level 6. HP: 33/41 MP: 1/11
  4358 | D:4      | Noticed an ogre
  4406 | D:4      | Killed an ogre
  4407 | D:4      | Reached skill level 6 in Conjurations
  4407 | D:4      | Reached XP level 7. HP: 46/46 MP: 6/13
  4674 | D:5      | Entered Level 5 of the Dungeon
  4690 | D:5      | Found a glowing silver altar of Zin.
  4834 | D:5      | Noticed Menkaure
  4840 | D:5      | Killed Menkaure
  4841 | D:5      | Reached skill level 5 in Spellcasting
  5000 | D:5      | Noticed Eustachio
  5043 | D:5      | Reached XP level 8. HP: 52/52 MP: 3/16
  5139 | D:5      | Reached skill level 7 in Conjurations
  5190 | D:5      | Learned a level 2 spell: Blink
  5236 | D:5      | Killed Eustachio
  5768 | D:6      | Found a shadowy altar of Dithmenos.
  5912 | D:6      | Found a shimmering blue altar of Sif Muna.
  5920 | D:6      | Reached skill level 8 in Conjurations
  5974 | D:6      | Became a worshipper of Sif Muna the Loreminder
  6200 | D:6      | Reached XP level 9. HP: 57/57 MP: 6/19
  6937 | D:7      | Noticed Joseph
  6951 | D:7      | Reached skill level 9 in Conjurations
  6956 | D:7      | Killed Joseph
  7204 | D:7      | Found a staircase to the Ecumenical Temple.
  7348 | D:7      | Noticed Dowan
  7350 | D:7      | Noticed Duvessa
  7358 | D:7      | Killed Dowan
  7395 | D:7      | Slain by Duvessa

Illustrated notes

Levels and vault maps discovered:
D:1:      elethiomel_arrival_infinity_welcomes_careful_drivers, layout_basic,
          ebering_ecumenical_altar_box
D:2:      layout_loops_ring, minmay_misc_feat_rugged
D:3:      layout_rooms, dk_vineyard_1
D:4:      layout_cave_pools, kennysheep_mini_moat, minmay_misc_feat_room
D:5:      layout_rooms, lemuel_doored_altar, uniq_eustachio, uniq_menkaure
D:6:      layout_cave_pods, nicolae_sif_muna_condensation, old_standard_altar,
          dk_noncrumbling_3
D:7:      layout_rooms, minmay_temple_entry_slanted, uniq_duvessa, uniq_joseph

Skill      XL: |  1  2  3  4  5  6  7  8  9 |
---------------+----------------------------+-----
Spellcasting   | 3 4 5 6 8 |  8.1
Conjurations   | 5 6 8 9 |  9.6
Dodging        | |  2.3
Stealth        | |  2.4

Action                     |  1- 3 |  4- 6 |  7- 9 || total
---------------------------+-------+-------+-------++-------
  Melee: Unarmed           |    43 |       |       ||    43
         Dagger            |     3 |    11 |       ||    14
         Spear             |       |    14 |     9 ||    23
         Punch             |       |     1 |     1 ||     2
   Cast: Magic Dart        |    83 |    97 |    96 ||   276
         Searing Ray       |       |     7 |    39 ||    46
    Use: Potion            |       |       |     2 ||     2
 Armour: Robe              |    13 |     6 |    19 ||    38
         Ring mail         |       |     7 |       ||     7
  Dodge: Dodged            |    33 |    29 |    87 ||   149

Table legend: (Time is in decaauts)
 A = Elapsed time spent in this place.
 B = Non-inter-level travel time spent in this place.
 C = Inter-level travel time spent in this place.
 D = Time resting spent in this place.
 E = Time spent auto-exploring this place.
 F = Levels seen in this place.
 G = Mean time per level.
                   A        B        C        D        E       F      G
               +--------+--------+--------+--------+--------+-----+--------+
         Total |   7400 |   7293 |    107 |   2158 |   2537 |   7 | 1057.1 |
       Dungeon |   7400 |   7293 |    107 |   2158 |   2537 |   7 | 1057.1 |
               +--------+--------+--------+--------+--------+-----+--------+

Top non-repeatable levels by time:
     D:1: 1865 daAuts
     D:6: 1276 daAuts
     D:4: 1100 daAuts
     D:5: 965 daAuts
     D:3: 887 daAuts
     D:2: 825 daAuts
     D:7: 479 daAuts
